Cogmind - Beta 13 X1 @@@ ROGUE MODE // 2023.06.25 @ 09:26:25 Player: JackNine Result: Destroyed by NJ-9Q2(R) with Subdweller Shrapnel Launcher Performance ------------- Evolutions (0) 0 Regions Visited (2) 400 Robots Destroyed (22) 110 Value Destroyed (601) 601 Prototype IDs (0) 0 Alien Tech Used (0) 0 Bonus (0) 0 TOTAL SCORE: 1111 Bonus ------- None Cogmind --------- Core Integrity 0/250 Matter 284/300 Energy 196/200 System Corruption 0% Temperature Cool (0) Movement Treading (240) Ox1 Location -10/Subcaves Parts ------- > --- POWER (1) -------- Subdweller Power Source > --- PROPULSION (2) --- Light Treads Compact Wheel > --- UTILITY (2) ------ Scrap Shield > --- WEAPON (2) ------- Subdweller Laser Subdweller Machine Gun > --- INVENTORY (5) ---- Light Treads Compact Wheel Light Armor Plating Subdweller Machine Gun Peak State ------------ > --- POWER ------------ Subdweller Power Source > --- PROPULSION ------- Light Treads Compact Wheel > --- UTILITY ---------- Scrap Shield > --- WEAPON ----------- Subdweller Machine Gun Subdweller Machine Gun > --- INVENTORY -------- Light Treads Light Treads Compact Wheel Subdweller Laser Scrap Shield Fragment [Rating: 12] Favorites ----------- Power Ion Engine Engine Ion Engine Propulsion Light Treads Treads Light Treads Wheel Wheel Utility Medium Storage Unit Storage Medium Storage Unit Protection Light Armor Plating Weapon EM Pulse Gun Energy Gun EM Pulse Gun Ballistic Gun Subdweller Machine Gun Slashing Weapon Mining Claw Build | -11 -10 -10 ------- Run | Jun Mat Sub Slots Evolved . | . . . Power . | . . . Propulsion . | . . . Utility . | . . . Weapon . | . . . Parts Attached 30 | 6 9 15 Power 3 | 1 . 2 Engine 3 | 1 . 2 Core . | . . . Reactor . | . . . Propulsion 6 | 2 2 2 Treads 3 | 1 1 1 Leg . | . . . Wheel 3 | 1 1 1 Hover . | . . . Flight . | . . . Utility 5 | 1 3 1 Device . | . . . Storage 2 | 1 1 . Processor . | . . . Hackware . | . . . Protection 3 | . 2 1 Artifact . | . . . Weapon 16 | 2 4 10 Energy Gun 6 | 1 3 2 Energy Cannon . | . . . Ballistic Gun 9 | 1 1 7 Ballistic Cannon . | . . . Launcher . | . . . Special Weapon . | . . . Impact Weapon . | . . . Slashing Weapon 1 | . . 1 Piercing Weapon . | . . . Special Melee Weapon . | . . . Unidentified Prototypes . | . . . Parts Lost 10 | . 3 7 Power 2 | . . 2 Propulsion 1 | . . 1 Utility 1 | . 1 . Weapon 6 | . 2 4 Highest Loss Streak 2 | . 1 2 To Critical Strikes . | . . . Average Slot Usage (%) 91 | . 96 87 Engine 11 | . 14 8 Treads 14 | . 14 14 Wheel 14 | . 14 14 Storage 10 | . 14 8 Protection 13 | . 12 14 Energy Gun 17 | . 26 10 Ballistic Gun 9 | . . 16 Naked Turns . | . . . Heaviest Build 31 | 12 22 31 Greatest Support 16 | 10 10 16 Greatest Overweight (x) 2 | 1 2 2 Average Overweight (x) 1 | . 1 1 Largest Inventory Capacity 10 | 8 10 10 Average Capacity 8 | 6 9 7 Most Carried 10 | 5 10 10 Average Carried 7 | 3 9 6 Final Capacity 10 | 8 10 5 Final Carried 10 | 5 10 4 Class Distribution -------------------- 76% | Mutant 23% | Subdweller-Mutant Dominant Class ---------------- Mutant | -10/Materials Mutant | -10/Subcaves Resources | -11 -10 -10 ----------- Run | Jun Mat Sub Matter Collected 626 | 173 157 296 Remotely . | . . . Salvage Created 869 | . 493 376 Parts 42 | . 30 12 Haulers Intercepted 2 | . 2 . Recyclers Shooed . | . . . Parts Field Recycled . | . . . Retrieved Matter . | . . . Parts Self-Destructed 4 | . . 4 Prevented . | . . . Kills | -11 -10 -10 ------- Run | Jun Mat Sub Combat Hostiles Destroyed 20 | . 12 8 Guns 17 | . 9 8 AOE 3 | . 3 . Classes Destroyed 4 | . 3 1 Hauler 2 | . 2 . Swarmer 6 | . 6 . Grunt 6 | . 6 . Subdweller 8 | . . 8 Best Kill Streak 5 | . 5 2 Combat Bots Only 5 | . 5 2 Max Kills in Single Turn 1 | . 1 1 Gunslinging . | . . . Exploded 1 | . 1 . Melee . | . . . Uniques/NPCs Destroyed . | . . . Combat | -11 -10 -10 -------- Run | Jun Mat Sub Damage Taken 1467 | . 475 992 Core 267 | . 94 173 Absorbed by Shields . | . . . Core Remaining (%) 100 | 100 . . Volleys Fired 107 | . 31 76 Largest 2 | . 2 2 Hottest 90 | . 80 90 Shots Fired 207 | . 62 145 Gun 207 | . 62 145 Cannon . | . . . Launcher . | . . . Special . | . . . Kinetic 99 | . . 99 Thermal 13 | . . 13 Explosive . | . . . Electromagnetic 95 | . 62 33 Robot Hit Streak 14 | . 8 14 Robot Miss Streak 4 | . 4 2 Penetration Max . | . . . Secondary Targets 1 | . . 1 Max Gunslinging Chain 1 | . . 1 Shots Hit Robots 139 | . 34 105 Core Hits 41 | . 20 21 Critical Kills . | . . . Critical Parts Destroyed . | . . . Critical Strikes 1 | . . 1 Destroy 1 | . . 1 Melee Attacks 6 | . . 6 Impact . | . . . Slashing 6 | . . 6 Piercing . | . . . Sneak Attacks . | . . . Combat Hostiles . | . . . Follow-up Attacks . | . . . Damage Inflicted 1458 | . 568 890 Guns 1335 | . 445 890 Cannons . | . . . Explosions 123 | . 123 . Melee . | . . . Ramming . | . . . Kinetic 539 | . . 539 Thermal 228 | . 123 105 Explosive . | . . . Electromagnetic 691 | . 445 246 Impact . | . . . Slashing . | . . . Piercing . | . . . Highest Corruption . | . . . Average Corruption . | . . . Corruption Purged . | . . . Corruption Blocked . | . . . Overload Shots . | . . . Overflow Damage . | . . . Projectiles . | . . . Explosions . | . . . Melee . | . . . Knockbacks . | . . . Impact . | . . . Kinetic . | . . . Secondary . | . . . Self-Inflicted Damage 66 | . 66 . Shots 2 | . 2 . Rammed . | . . . Targets Rammed . | . . . Kicked . | . . . Crushed . | . . . Highest Temperature 325 | . 325 267 Average Temperature 111 | . 108 132 Received Heat Transfer 583 | . 84 499 Effects 1 | . 1 . Energy Bleed 1 | . 1 . Siege Activations . | . . . Robots Corrupted . | . . . Combat Hostiles . | . . . Parts Fried 2 | . 2 . Impact Corruptions . | . . . Robots Melted . | . . . Combat Hostiles . | . . . Parts Melted 1 | . . 1 Heat Transferred 275 | . 150 125 Parts Sabotaged . | . . . Parts Stolen . | . . . Parts Stripped . | . . . Power Chain Reactions 3 | . 3 . Missiles Intercepted . | . . . Alert | -11 -10 -10 ------- Run | Jun Mat Sub Peak Influence 194 | . 194 . Initial . | . . . Average 79 | . 87 . Maximum Alert Level . | . . . Low Security (%) 100 | 100 100 . Level 1 . | . . . Level 2 . | . . . Level 3 . | . . . Level 4 . | . . . Level 5 . | . . . High Security . | . . . Max Security . | . . . Squads Dispatched 1 | . 1 . Investigation . | . . . Extermination . | . . . Reinforcement 1 | . 1 . Assault . | . . . Garrison . | . . . Intercept . | . . . Searches Triggered . | . . . Construction Impeded . | . . . Haulers Reinforced . | . . . Active Scanning Responses . | . . . Cargo Convoy Interrupts . | . . . Stealth | -11 -10 -10 --------- Run | Jun Mat Sub Distress Signals 1 | . 1 . Communications Jammed . | . . . Distress Signals . | . . . Times Spotted 26 | . 15 11 Peak Tracking Total 7 | . 7 6 Tactical Retreats 3 | . 1 2 Traps | -11 -10 -10 ------- Run | Jun Mat Sub Traps Triggered 1 | . . 1 Indirectly . | . . . Trap Hack Attempts . | . . . Triggered . | . . . Disarmed . | . . . Reprogrammed . | . . . Reused . | . . . Traps Extracted . | . . . Installed . | . . . Triggered . | . . . Machines | -11 -10 -10 ---------- Run | Jun Mat Sub Machines Disabled . | . . . Max in Single Turn . | . . . Machines Repaired . | . . . Machines Sabotaged . | . . . Overloaded Fab Kills . | . . . Hacking | -11 -10 -10 --------- Run | Jun Mat Sub Machines Accessed 1 | . 1 . Terminals 1 | . 1 . Fabricators . | . . . Repair Stations . | . . . Recycling Units . | . . . Scanalyzers . | . . . Garrison Access . | . . . Total Hacks 5 | . 5 . Successful 1 | . 1 . Failed 3 | . 3 . Catastrophic . | . . . Database Lockouts 1 | . 1 . Manual 6 | . 6 . Terminals 5 | . 5 . Fabricators . | . . . Repair Stations . | . . . Recycling Units . | . . . Scanalyzers . | . . . Garrison Access . | . . . Terminal Hacks 1 | . 1 . Robot Analysis 1 | . 1 . Fabricator Hacks . | . . . Repair Station Hacks . | . . . Recycling Unit Hacks . | . . . Scanalyzer . | . . . Garrison Access Hacks . | . . . Unauthorized Hacks . | . . . Terminals . | . . . Fabricators . | . . . Repair Stations . | . . . Recycling Units . | . . . Scanalyzers . | . . . Garrison Access . | . . . Data Cores Recovered . | . . . Used . | . . . Hacking Detections 1 | . 1 . Full Trace Events . | . . . Feedback Events . | . . . Feedback Blocked . | . . . Robot Schematics Acquired . | . . . Robots Built . | . . . Authchips . | . . . Time . | . . . Total Robot Build Rating . | . . . Part Schematics Acquired . | . . . Parts Built . | . . . Authchips . | . . . Time . | . . . Total Part Build Rating . | . . . Parts Repaired . | . . . Time . | . . . Parts Recycled . | . . . Recycled Matter . | . . . Retrieved Matter . | . . . Retrieved Components . | . . . Parts Scanalyzed . | . . . Part Schematics Acquired . | . . . Parts Damaged . | . . . Bothacking | -11 -10 -10 ------------ Run | Jun Mat Sub Used RIF Installer . | . . . Robots Hacked . | . . . Non-combat . | . . . Combat . | . . . Robot Hacks Applied . | . . . Relay Couplers Released . | . . . Fabnet Peak Effective % . | . . . Robots Rewired . | . . . Allies Hacked . | . . . Hacks Repelled . | . . . Allies | -11 -10 -10 -------- Run | Jun Mat Sub Total Allies . | . . . Largest Group . | . . . Highest-Rated Group . | . . . Highest-Rated Ally . | . . . Total Orders . | . . . Ally Attacks . | . . . Total Damage . | . . . Kills . | . . . Allies Corrupted . | . . . Allies Melted . | . . . Intel | -11 -10 -10 ------- Run | Jun Mat Sub Robot Analysis Total 1 | . 1 . Derelict Logs Recovered . | . . . Drone Launches . | . . . Drone Recoveries . | . . . Exploration | -11 -10 -10 ------------- Run | Jun Mat Sub Turns Passed 1325 | 57 565 703 Spaces Moved 832 | 44 395 393 Core 3 | 3 . . Treads . | . . . Legs . | . . . Wheels 829 | 41 395 393 Hover . | . . . Flight . | . . . Fastest Speed 50 | 50 95 95 Average Speed 106 | 84 107 108 Slowest Speed 115 | 95 110 115 Overloaded Moves . | . . . Propulsion Burnouts . | . . . Robots Hopped . | . . . Cave-ins Triggered . | . . . Exploration Rate (%) 36 | 3 78 27 Regions Visited 2 Branch Regions 1 Pre-discovered Areas . | . . . Known Exits Taken . | . . . Unknown Exits Taken 2 | 1 1 . Scrap Searched 10 | . . 10 Spaces Dug 8 | . . 8 Terrain Destroyed 19 | . 11 8 Melee . | . . . Projectile 8 | . . 8 AOE 11 | . 11 . Terrain Rammed . | . . . Walls Destroyed . | . . . Machines Disabled . | . . . Actions | -11 -10 -10 --------- Run | Jun Mat Sub Total 1062 | 61 477 524 Wait 49 | 7 21 21 Move 830 | 43 394 393 Hop . | . . . Pick Up 20 | 4 13 3 Fast Attach 14 | 6 3 5 Attach 9 | . 3 6 Detach 3 | 1 1 1 Swap 7 | . 3 4 Drop 16 | . 8 8 Fire 107 | . 31 76 Melee 6 | . . 6 Ram . | . . . Kick . | . . . Crush . | . . . Escape Stasis . | . . . Rewire . | . . . Trap . | . . . Miscellaneous 1 | . . 1 Route ------- -11/Junkyard -10/Materials (discovered 4 exits: [*Mat] / [*Min x2] / [*Sub]) -10/Subcaves (discovered 1 exit: [*Mat]) History --------- Turn | Location | Event 19 | -11/Junkyard | Discovered new exit (range 15) 58 | -11/Junkyard | Entered Materials 107 | -10/Materials | Central database locked down 313 | -10/Materials | Discovered new exit (range 15) 317 | -10/Materials | Build established: Mutant 418 | -10/Materials | Discovered new exit (range 10) 473 | -10/Materials | Discovered new exit (range 5) 614 | -10/Materials | Discovered new exit (range 9) 623 | -10/Materials | Entered Subcaves 624 | -10/Subcaves | Ambushed by Subdwellers from Twisted Machinery 717 | -10/Subcaves | A swath of the cavern ceiling suddenly collapsed 833 | -10/Subcaves | Core integrity fell below 50% 968 | -10/Subcaves | Core integrity fell below 20% 1174 | -10/Subcaves | Ambushed by Subdweller buried in earth 1227 | -10/Subcaves | Shifting Twisted Machinery released Sub. Monowheel 1229 | -10/Subcaves | Discovered new exit (range 12) 1312 | -10/Subcaves | Build established: Subdweller-Mutant 1326 | -10/Subcaves | Destroyed by NJ-9Q2(R) with Subdweller Shrapnel Launcher Last Messages --------------- 01078_ Acquired 20 matter. 01170_ Searching scrap... 01170_ Found Sub. Machine Gun. 01170_ Found Battle Rifle. 01170_ Found 35 Matter. 01172_ Acquired 4 matter. 01175_ 1D-ISR(R): "NAT20!" 01178_ Acquired 4 matter. 01183_ 1D-ISR(R) suffers critical hit (Destroy). 01183_ 1D-ISR(R) destroyed. 01184_ Acquired 4 matter. 01188_ Dropped Sub. Machine Gun. Sub. Monowheel falls loose from the Twisted Machinery. 01229_ EXIT=FOUND 01288_ NJ-9Q2(R) emerges from the Twisted Machinery. 01312_ Sub. Laser melted. 01312_ 74-UXE(R) destroyed. 01315_ Dropped Scrap Shield Fragment. 01316_ Scrap Shield Fragment affixed to Scrap Shield (+45). 01317_ Acquired 42 matter. Map ----- +----------------------------------------------------+ | ?????????????????????????????????????????????????? | | ?????????????????????????????????????????????????? | | ?????????????????????????????????????????????????? | | ?????????????????????????????????????????????????? | | ?????????????????????????????????????????????????? | | ?????????????????????????????????????????????????? | | ?????????????????????????????????????????????????? | | ?????????????????????????????????????????????????? | | ?????????????????????????????????????????????????? | | ?????????????????????????????????????????????????? | | ?????????????????????????????????????????????????? | | ?????????????????????????????????????????????????? | | ?????????????????????????????????????????????????? | | ?????????????????????????????????????????????????? | | ?????????????????????????????????????????????????? | | ?????????????????????????????????????????????????? | | ?????????????????????????????????????????????????? | | ?????????????????????????????????????????????????? | | ?????????????????????????????????????????????????? | | ?????????????????????????????????????????????????? | | ?????????????????????????????????????????????????? | | ?????????????????????????????????????????????????? | | ????????####??###?????#####??????????????????????? | | ######### "#### ###?###! #??????????????????????? | | # ## " ### ! #??????????????????????? | | """"" """"@#??????????????????????? | | # ###"" ## #### ""R #??????????????????????? | | ##### " ####??## """"" ?????????????????????? | | ## ##"" ##?????### """ "????????????????????? | | = #???????# "" "????????????????????? | | # """????? " ""##"???????????????????? | | # ## < """ ##?????????????????????? | | #" ####" ## #? " " #??????????????????????? | | " #??## ##????#?## ## ##??????????????????????? | | " ##??####?????????#?? #???????????????????????? | | "" #?????????????????? #???????????????????????? | | "" #?????????????????? ???????????????????????? | | ##???????????????????###??????????????????????? | | ##????##???????????????????????????????????????? | | # #???????????????????????????????????????? | | #???????????????????????????????????????? | | # ## #???????????????????????????????????????? | | ###?##??????????????????????????????????????????? | | ##???????????????????????????????????????????????? | | #????????????????????????????????????????????????? | | ?????????????????????????????????????????????????? | | ?????????????????????????????????????????????????? | | ?????????????????????????????????????????????????? | | ?????????????????????????????????????????????????? | | ?????????????????????????????????????????????????? | +----------------------------------------------------+ Best States ------------- Heat Dissipation 25 Energy Generation 15 Energy Capacity 250 Matter Stores 300 Matter Capacity 300 Sight Range 16 Terrain Scan Density 10 Armor Coverage 800 Evasion (%) 44 Recoil Reduction 1 Item Schematics ----------------- None Robot Schematics ------------------ None Fabricated ------------ Nothing Alien Tech Used ----------------- None Achievements -------------- None Challenges ------------ None Game ------ Seed QuantumDrainedTube Manual? 1 Play Time 00:14:50 Cumulative 340.8 hours Start 2023.06.25 @ 09:14:48 End 2023.06.25 @ 09:26:25 Sessions 1 Manual Loads 0 Difficulty Rogue Special Mode None Game No. 177 Rogue 177 Adventurer 0 Explorer 0 Win Type - Total 11 Types 6/0/3/0/0/0/2/0/0 Lore% 82 Gallery% 87 Achievement% 78 Wizard Run 0 Options --------- ASCII 0 Keyboard 1 Movement Numpad Keybinds 0 Fullscreen 2 Font 12/Smallcaps Map View 83x54 Tactical HUD 1 Map Filters NONE Filters NONE Steam 1 RUN: 398ca361-a74e-486b-b99c-d6c712bc9a1e